 Dungeon Crawl Stone Soup version 0.23.2 (webtiles) character file.

Game seed: 17427055897989219819

406 Borgoz the Cutter (level 6, -5/48 HPs)
             Began as a Ghoul Gladiator on Apr 3, 2019.
             Killed from afar by Dowan (11 damage)
             ... with a shard of ice
             ... on level 4 of the Dungeon.
             The game lasted 00:05:05 (2632 turns).

Borgoz the Cutter (Ghoul Gladiator)                 Turns: 2632, Time: 00:05:05

Health: -5/48      AC:  4    Str: 18      XL:     6   Next: 87%
Magic:  5/5        EV: 19    Int:  4      God:
Gold:   168        SH:  0    Dex: 15 (16) Spells: 5/5 levels left

rFire    + . .     SeeInvis .   a - +0 rapier
rCold    + + .     Gourm    .   (no shield)
rNeg     + + +     Faith    .   b - +0 leather armour
rPois    ∞         Spirit   .   c - +0 helmet
rElec    +         Reflect  .   (no cloak)
rCorr    +         Harm     .   (no gloves)
MR       .....                  (no boots)
Stlth    ++........             k - amulet of the acrobat
HPRegen  0.00/turn              e - ring of resist corrosion
MPRegen  0.09/turn              (no ring)

@: agile, resistant, very slightly contaminated, rotting
A: rotting body, claws 1, carnivore, cold resistance 1, negative energy
resistance 3, inhibited regeneration, torment resistance, unbreathing
a: no special abilities


You were on level 4 of the Dungeon.
You were not hungry.

You visited 1 branch of the dungeon, and saw 4 of its levels.
You also visited: Sewer.

You collected 168 gold pieces.

Inventory:

Hand Weapons
 a - a +0 rapier (weapon)
Armour
 b - a +0 leather armour (worn)
 c - a +0 helmet (worn)
Jewellery
 e - a ring of resist corrosion (left claw)
 h - an uncursed ring of ice
 k - an amulet of the acrobat (around neck)
 r - an uncursed amulet of rage
Scrolls
 l - a scroll of blinking
 m - a scroll of magic mapping
 p - a scroll of fog
Potions
 i - a potion of degeneration
 j - a potion of curing
 n - a potion of magic
Comestibles
 f - 2 rations


   Skills:
 - Level 2.1 Fighting
 * Level 4.5 Short Blades
 - Level 1.7 Throwing
 * Level 3.3 Armour
 * Level 4.4 Dodging


You had 5 spell levels left.
You didn't know any spells.
Your spell library was empty.

Dungeon Overview and Level Annotations

Branches:
Dungeon (4/15)
 Temple: D:4-7

Altars:

Annotations:
D:4 Dowan


Innate Abilities, Weirdness & Mutations

Your body is rotting away.
You thrive on raw meat.
You are immune to poison.
You have sharp fingernails.
You are carnivorous and can eat meat at any time.
Your flesh is cold resistant. (rC+)
You are immune to negative energy. (rN+++)
You do not regenerate when monsters are visible.
You are immune to unholy pain and torment.
You can survive without breathing.


Message History

* * * LOW HITPOINT WARNING * * *
You miss Dowan.
Dowan is heavily wounded.
Dowan hits you but does no damage.
You puncture Dowan!
Dowan is almost dead.
Dowan misses you. Dowan completely misses you.
Throwing (i - inventory)
d - a throwing net (quivered)
Press: ? - help, Shift-Dir - straight line, f - Dowan
Aim: Dowan, wielding a +0 dagger and wearing a +0 robe of cold resistance (almost dead, fast)
You throw a throwing net. The throwing net barely misses Dowan.
The throwing net closely misses the iguana.
Dowan hits you with a +0 dagger.
* * * LOW HITPOINT WARNING * * *
You hit Dowan but do no damage.
Dowan is almost dead.
Dowan barely misses you. Dowan gestures at you while chanting.
The shard of ice hits you! You partially resist.
You die...

%. #. #. #.
#.#
####.###
####.....l#
#.......#e#
#..e....#@#
#..e....#.#
#..l....#.#
#§......#.#
#.........#
###########


You could see Dowan and an iguana.

Vanquished Creatures
  Duvessa (D:4)
  A crocodile (Sewer)
  An orc priest (D:3)
  11 adders
  3 gnolls
  A worm (D:3)
  A dart slug (D:3)
  A leopard gecko (D:1)
  6 orcs (D:3)
  9 bats
  4 giant cockroaches
  6 goblins
  6 hobgoblins
  5 kobolds
  2 frilled lizards
  9 rats
67 creatures vanquished.

Notes
Turn   | Place    | Note
-------+----------+-------------------------------------------
     0 | D:1      | Borgoz the Ghoul Gladiator began the quest for the Orb.
     0 | D:1      | Reached XP level 1. HP: 17/17 MP: 0/0
   131 | D:1      | Reached XP level 2. HP: 21/24 MP: 1/1
   298 | D:1      | Reached skill level 1 in Armour
   822 | D:2      | Reached XP level 3. HP: 29/29 MP: 2/2
  1135 | D:2      | Reached XP level 4. HP: 33/36 MP: 3/3
  1411 | D:2      | Found a faded altar of an unknown god.
  1867 | D:3      | Reached XP level 5. HP: 32/41 MP: 4/4
  1941 | D:3      | Found a glowing drain.
  2080 | Sewer    | Entered a sewer
  2138 | Sewer    | Noticed a crocodile
  2161 | Sewer    | Killed a crocodile
  2161 | Sewer    | Reached XP level 6. HP: 25/47 MP: 5/5
  2602 | D:4      | Noticed Duvessa
  2602 | D:4      | Noticed Dowan
  2626 | D:4      | Killed Duvessa
  2632 | D:4      | Killed from afar by Dowan

Skill      XL: |  1  2  3  4  5  6 |
---------------+-------------------+-----
Short Blades   | 3 4 |  4.5
Dodging        | 3 4 |  4.4
Armour         | 1 2 3 |  3.3
Fighting       | |  2.1
Throwing       | |  1.7

Action                   |  1- 3 |  4- 6 || total
-------------------------+-------+-------++-------
Melee: Rapier            |    83 |   219 ||   302
Throw: Throwing net      |       |     4 ||     4
  Use: Scroll            |       |    10 ||    10
       Potion            |       |     8 ||     8
 Stab: Held in net/web   |       |     2 ||     2
  Eat: Chunk             |       |    27 ||    27
Armor: Leather armour    |    26 |    67 ||    93
Dodge: Dodged            |    53 |   187 ||   240
